 Dungeon Crawl Stone Soup version 0.17-a0-1701-gf693a3f (console) character file.

42 Monkaria the Scratcher (level 3, 0/17 HPs)
             Began as a Felid Chaos Knight on Aug 21, 2015.
             Slain by a worm (4 damage)
             ... on level 2 of the Dungeon.
             The game lasted 00:01:05 (1195 turns).

Monkaria the Scratcher (Felid Chaos Knight)         Turns: 1195, Time: 00:01:05

Health: 0/17       AC:  1    Str:  9    XL:     3   Next: 35%
Magic:  4/4        EV: 18    Int: 13    God:    Xom [..*...]
Gold:   36         SH:  0    Dex: 15    Spells: 0 memorised, 2 levels left
                                        Lives:  0   Deaths: 0

rFire  . . .     SeeInvis +       - Unarmed
rCold  . . .     Clarity  .     (armour unavailable)
rNeg   . . .     SustAt   .     (shield unavailable)
rPois  .         Gourm    .     (helmet unavailable)
rElec  .         Spirit   .     (cloak unavailable)
rCorr  .         Warding  .     (gloves unavailable)
rMut   .         Stasis   .     (boots unavailable)
MR     .....                    (no amulet)
Stlth  ++........               (no ring)
                                (no ring)

@: quick, not resistant to hostile enchantments, unstealthy
A: no armour, no weapons or thrown items, claws 1, fangs 3, see invisible,
carnivore 3, speed 1, shaggy fur 1, slow metabolism 1, sharp paws
a: Renounce Religion


You were on level 2 of the Dungeon.
You worshipped Xom.
You were a toy of Xom.
You were very full.

You visited 1 branch of the dungeon, and saw 2 of its levels.

You collected 36 gold pieces.

Inventory:

Jewellery
 h - an uncursed ring of ice
Scrolls
 c - 2 scrolls of identify {unknown}
 e - 2 scrolls of blinking {unknown}
 f - a scroll of remove curse {unknown}
 g - 3 scrolls of teleportation {unknown}
 j - 2 scrolls of amnesia {unknown}
Potions
 d - a potion of curing {unknown}
 i - a potion of poison {unknown}
Comestibles
 a - a meat ration
 b - a beef jerky


   Skills:
 - Level 3.0 Fighting
 - Level 3.2 Dodging
 + Level 4.4 Unarmed Combat


You had 2 spell levels left.
You didn't know any spells.

Dungeon Overview and Level Annotations

Branches:
Dungeon (2/15)

Altars:


Innate Abilities, Weirdness & Mutations

You cannot wear armour.
You are incapable of wielding weapons or throwing items.
You have sharp claws.
You have razor-sharp teeth.
You have supernaturally acute eyesight.
You are carnivorous and can eat meat at any time.
You cover ground quickly.
You are covered in fur (AC +1).
You have a slow metabolism.
Your sharp claws are effective at attacking unaware monsters.


Message History

No target in view!
No target in view!
No target in view!
No target in view!
No target in view!
No target in view!
No target in view!
No target in view!
The worm is too close now for your liking.
A bat comes into view.
Found a stone staircase leading down.
You scratch the worm but do no damage. The worm bites you!
Ouch! That really hurt!
* * * LOW HITPOINT WARNING * * *
You barely miss the worm. You bite the worm, but do no damage.
You scratch the worm. You claw the worm.
The worm is moderately wounded.
The worm bites you.
You die... "It's all fun and games until someone loses an eye."

#...# #...#...#
#...# #)#.....#
##.## #.###...#
#.# #.# #...####
###.# #.#
##...... #...##
#.# #..###.
#....# #...##.
#.#..# ..##[.##
#..#.@# ... #....
#..##..w.....<...
#..## )..#
#....##b.####
#..## .### ...#.#
######..#.
#.#.#..
.......†...
#.#.##.#
..######.## #.#.#
.. #####.# #.#.#
#>. ##...#.## #
.. ..##.......#


You could see a worm and a bat (sleeping).

Vanquished Creatures
  2 worms (D:2)
  8 bats
  2 giant cockroaches
  3 goblins
  A hobgoblin (D:2)
  4 kobolds
  A giant gecko (D:1)
  4 giant newts
  6 jackals
  3 rats (D:1)
34 creatures vanquished.

Notes
Turn   | Place    | Note
--------------------------------------------------------------
     0 | D:1      | Monkaria the Felid Chaos Knight began the quest for the Orb.
     0 | D:1      | Reached XP level 1. HP: 10/10 MP: 2/2
    72 | D:1      | XOM: harmless Divn miscast
    90 | D:1      | Reached XP level 2. HP: 14/14 MP: 3/3
   527 | D:1      | XOM: divination: detect creatures
   604 | D:1      | Reached skill level 4 in Unarmed Combat
   731 | D:1      | XOM: divination: magic mapping
   805 | D:1      | XOM: harmless Divn miscast
   969 | D:2      | Reached XP level 3. HP: 17/17 MP: 4/4
  1159 | D:2      | XOM: silly message
  1195 | D:2      | Slain by a worm

Vault maps used:
D:1:      onia_arrival_mini_spirals, corner_web_ring

Action                   || total
-------------------------++-------
Melee: Unarmed           ||    70
 Stab: Sleeping          ||     8
  Eat: Chunk             ||     7
